 Dungeon Crawl Stone Soup version 0.18.1-50-g88ac8fd (webtiles) character file.

318 Amnesiac the Charlatan (level 6, 0/33 HPs)
             Began as a Deep Elf Artificer on Feb 28, 2018.
             Killed by divine providence
             ... invoked by an orc priest
              (16 damage)
             ... on level 4 of the Dungeon.
             The game lasted 00:04:41 (2105 turns).

Amnesiac the Charlatan (Deep Elf Artificer)         Turns: 2105, Time: 00:04:42

Health: 0/33       AC:  7    Str: 10    XL:     6   Next: 21%
Magic:  11/11      EV: 11    Int: 17    God:
Gold:   126        SH:  0    Dex: 15    Spells: 0 memorised, 5 levels left

rFire  . . .     SeeInvis .     o - +2 dagger (distort)
rCold  . . .     Gourm    .     g - +0 ring mail
rNeg   . . .     Faith    .     (no shield)
rPois  +         Spirit   .     (no helmet)
rElec  .         Dismiss  .     a - +1 cloak {rPois}
rCorr  .         Reflect  .     (no gloves)
SustAt .         Harm     .     (no boots)
MR     .....                    (no amulet)
Stlth  ++........               (no ring)
                                (no ring)

@: not resistant to hostile enchantments, unstealthy
A: no striking features
a: no special abilities


You were on level 4 of the Dungeon.
You were not hungry.

You visited 1 branch of the dungeon, and saw 4 of its levels.

You collected 126 gold pieces.

Inventory:

Hand Weapons
 o - a +2 dagger of distortion (weapon)
Missiles
 j - 57 stones (quivered)
Armour
 a - a +1 cloak of poison resistance (worn)
 g - a +0 ring mail (worn)
Jewellery
 m - an uncursed ring of fire
Wands
 c - a wand of flame (11/48)
 d - a wand of enslavement (15/24)
 e - a wand of random effects (11/48)
Scrolls
 b - 2 scrolls of identify {!r, unknown}
 i - 3 scrolls of amnesia {!r, unknown}
 k - a scroll of random uselessness {!r, unknown}
 q - a scroll of noise {!r, unknown}
 w - a scroll of magic mapping {!r, unknown}
Potions
 h - a potion of cancellation {!q, unknown}
 l - 3 potions of mutation {!q, unknown}
 n - a potion of degeneration {!q, unknown}
 p - a potion of curing {!q, unknown}
 r - 2 potions of heal wounds {!q, unknown}
 u - a potion of brilliance {!q, unknown}
Comestibles
 f - 5 bread rations
 s - 3 chunks of flesh
 t - 2 fruits
 v - a meat ration


   Skills:
 - Level 0.7 Fighting
 + Level 3.6 Short Blades
 - Level 2.4 Dodging
 - Level 5.0 Stealth
 - Level 5.0 Evocations


You had 5 spell levels left.
You didn't know any spells.

Dungeon Overview and Level Annotations

Branches:
Dungeon (4/15)
 Temple: D:4-7

Altars:
Ashenzari
Dithmenos
Yredelemnul
Zin
The Shining One

Shops:
D:2 *


Message History

The ogre disappears!
j - 57 stones (gained 27)
You open the door.
A giant newt comes into view.
Found a scroll labeled TYAMOS BORO.
There is an open door here.
You barely miss the giant newt.
The giant newt bites you but does no damage.
You closely miss the giant newt. You hit the giant newt.
You kill the giant newt!
w - a scroll labeled TYAMOS BORO {!r}
Found a stone staircase leading up.
Found a trident.
An orc and an orc wizard come into view.
Found a basalt altar of Yredelemnul.
There is a stone staircase leading up here.
The orc wizard shouts!
You climb upwards. 3 worms come into view.
There is a stone staircase leading down here.
The worm bites you.
Found 13 stones.
You hit the worm.
The worm is lightly wounded.
You hit the worm.
The worm is lightly wounded.
The worm blinks!
You hit the worm.
The worm is moderately wounded.
The worm disappears!
There is a stone staircase leading down here.
You climb downwards.
An orc comes into view. It is wielding a hand axe.
The orc shouts!
There is a stone staircase leading up here.
The orc wizard casts a spell at you. You resist with some effort.
The worm bites you. The orc wizard casts a spell at you.
The magic dart hits you!
The orc wizard casts a spell.
The orc wizard seems to speed up.
The orc wizard casts a spell at you. You resist with some effort.
You swing at nothing.
You swing at nothing.
The orc wizard casts a spell.
The orc wizard blinks!
You swing at nothing.
Your ring mail prevents you from hitting the worm.
The orc priest shouts!
The orc shouts!
You hit the worm.
Space bends around the worm.
The worm is heavily wounded.
The orc priest invokes the aid of Beogh against you.
Beogh smites you!
* * * LOW HITPOINT WARNING * * *
The worm closely misses you.
You swing at nothing.
You swing at nothing.
You hit the worm.
Space bends around the worm.
The worm is heavily wounded.
The orc priest calls down the wrath of Beogh upon you.
Beogh smites you!
You die...

...o....<....#
+......
######......#
...... #......+
...... #o.....####
#.. #o.o.)....
##+#.. #o#####..##
#..... #.# #...#
#..... #w#####...#
#.)... #.@...'...#
#..... #..####...#
##'#'# #..# #...#
##...# +..# #...#
#.####
##.####...####)####
#.................
#####.##†####.####
#. #.# ### #. #.#


You could see a worm, an orc priest, an orc wizard and an orc.

Vanquished Creatures
  2 giant frogs (D:4)
  An orc priest (D:4)
  Crazy Yiuf (D:2)
  A worker ant (D:4)
  A gnoll (D:1)
  4 adders
  2 worms (D:2)
  2 dart slugs (D:2)
  6 orcs (D:4)
  5 bats
  A giant cockroach (D:2)
  5 goblins
  5 hobgoblins
  2 ball pythons
  3 giant newts
  7 kobolds
  8 rats
56 creatures vanquished.

Vanquished Creatures (others)
  An orc priest (D:4)
1 creature vanquished.

Grand Total: 57 creatures vanquished

Notes
Turn   | Place    | Note
--------------------------------------------------------------
     0 | D:1      | Amnesiac the Deep Elf Artificer began the quest for the Orb.
     0 | D:1      | Reached XP level 1. HP: 11/11 MP: 5/5
   256 | D:1      | Reached XP level 2. HP: 14/16 MP: 6/6
   419 | D:2      | Reached XP level 3. HP: 12/20 MP: 7/7
   651 | D:2      | Noticed Crazy Yiuf
   657 | D:2      | Killed Crazy Yiuf
   705 | D:2      | Found a glowing golden altar of the Shining One.
   793 | D:2      | Found a shadowy altar of Dithmenos.
   806 | D:2      | Reached XP level 4. HP: 22/24 MP: 9/9
  1190 | D:2      | Found a glowing silver altar of Zin.
  1190 | D:2      | Found Zin's Purification Station.
  1463 | D:4      | Noticed a phantom
  1552 | D:4      | Reached skill level 5 in Evocations
  1685 | D:4      | Noticed a giant frog
  1699 | D:4      | Killed a giant frog
  1699 | D:4      | Reached XP level 5. HP: 24/28 MP: 10/10
  1716 | D:4      | Reached skill level 5 in Stealth
  1746 | D:4      | Found a shattered altar of Ashenzari.
  1941 | D:4      | Reached XP level 6. HP: 26/33 MP: 11/11
  2072 | D:4      | Found a basalt altar of Yredelemnul.
  2105 | D:4      | Killed from afar by an orc priest

Skill      XL: |  1  2  3  4  5 |
---------------+----------------+-----
Short Blades   | 2 3 |  3.6
Stealth        | 3 4 5 |  5.0
Evocations     | 4 5 |  5.0
Fighting       | |  0.7
Dodging        | |  2.4

Action                   |  1- 3 |  4- 6 || total
-------------------------+-------+-------++-------
Melee: Short sword       |    47 |       ||    47
       Quarterstaff      |    10 |       ||    10
       Dagger            |     3 |   103 ||   106
Evoke: Wand              |     5 |     3 ||     8
 Stab: Sleeping          |     4 |     6 ||    10
       Paralysed         |     3 |       ||     3
  Eat: Chunk             |       |     4 ||     4
Armor: Ring mail         |    12 |    26 ||    38
Dodge: Dodged            |    34 |    36 ||    70
